 Dungeon Crawl Stone Soup version 0.19-a0-1608-g4cf22de (webtiles) character file.

35 jacquesderrida the Slasher (level 3, 0/18 HPs)
             Began as a Vine Stalker Skald on Sept 17, 2016.
             Succumbed to Ijyb's poison
             ... on level 2 of the Dungeon.
             The game lasted 00:01:01 (242 turns).

jacquesderrida the Slasher (Vine Stalker Skald)      Turns: 242, Time: 00:01:02

Health: 0/18       AC:  4    Str: 14    XL:     3   Next: 33%
Magic:  0/7        EV: 11    Int: 12    God:
Gold:   21         SH:  0    Dex: 14    Spells: 1 memorised, 5 levels left

rFire  + . .     SeeInvis .     a - +0 falchion
rCold  + . .     Gourm    .     b - +0 leather armour
rNeg   . . .     Faith    .     (no shield)
rPois  +         Spirit   +     g - +0 helmet
rElec  +         Dismiss  .     (no cloak)
rCorr  +         Reflect  .     (no gloves)
MR     .....     Harm     .     (no boots)
Stlth  +.........               (no amulet)
                                (no ring)
                                (no ring)

@: lethally poisoned (0 -> -12), resistant
A: fangs 2, magic shield, antimagic bite, no device heal 3, rot immunity
a: no special abilities


You were on level 2 of the Dungeon.
You were not hungry.

You visited 1 branch of the dungeon, and saw 2 of its levels.

You collected 21 gold pieces.

Inventory:

Hand Weapons
 a - a +0 falchion (weapon)
Armour
 b - a +0 leather armour (worn)
 g - a +0 helmet (worn)
Scrolls
 i - a scroll of magic mapping {unknown}
 j - a scroll of identify {unknown}
Books
 c - a book of Battle

   Spells                             Type                      Level
   a - Infusion                       Charms                       1
   b - Shroud of Golubria             Charms/Translocation         2
   c - Song of Slaying                Charms                       2
   d - Spectral Weapon                Hexes/Charms                 3
   e - Regeneration                   Charms/Necromancy            3
Comestibles
 d - a bread ration


   Skills:
 - Level 1.7 Fighting
 + Level 3.3 Long Blades
 - Level 0.7 Armour
 - Level 0.7 Dodging
 - Level 2.1 Spellcasting
 - Level 3.0 Charms


You had 5 spell levels left.
You knew the following spells:

 Your Spells              Type           Power        Failure   Level  Hunger
a - Infusion              Chrm           #...         12%         1    ##.....


Dungeon Overview and Level Annotations

Branches:
Dungeon (2/15)

Altars:

Annotations:
D:2 Ijyb, Natasha


Innate Abilities, Weirdness & Mutations

You have extremely sharp teeth.
When hurt, damage is shared between your health and your magic reserves.
Your bite disrupts and absorbs the magic of your enemies.
Potions and wands cannot restore your health.
You are immune to rotting.


Message History

It was a potion of heal wounds.
That seemed strangely inert.
Ijyb hits you but does no damage.
You closely miss Ijyb. Ijyb barely misses you.
Natasha, Servant of Life and Death comes into view.
Unknown command.
Natasha hisses angrily.
You hit the worm. You bite the worm. You drain its power.
You feel invigorated.
The worm is heavily wounded.
Ijyb barely misses you. The worm bites you.
* * * LOW HITPOINT WARNING * * *
You hit the worm.
The worm is heavily wounded.
Ijyb hits you with a dagger of venom.
* * * LOW HITPOINT WARNING * * *
You are lethally poisoned!
The worm bites you.
* * * LOW HITPOINT WARNING * * *
You hit the worm.
The worm is severely wounded.
You die...

#.....#####.
#..#
........ ..
#..#
##.##..#.
#.#. #..#
#.##.##
.#....#<.#
#[# ##
#....#
#....##.#
#.#.# #.#
##.#.###w#
.....wg@.#
..h..#####
.#.


You could see Ijyb, 2 worms and Natasha.

Vanquished Creatures
  Natasha (D:2)
  A dart slug (D:2)
  A bat (D:1)
  2 hobgoblins (D:2)
  A frilled lizard (D:2)
  2 kobolds (D:2)
  A rat (D:2)
9 creatures vanquished.

Notes
Turn   | Place    | Note
-------+----------+-------------------------------------------
     0 | D:1      | jacquesderrida the Vine Stalker Skald began the quest for the Orb.
     0 | D:1      | Reached XP level 1. HP: 11/11 MP: 4/4
    30 | D:2      | Noticed Natasha
    40 | D:2      | Killed Natasha
    40 | D:2      | Reached XP level 2. HP: 9/15 MP: 6/6
    40 | D:2      | Reached XP level 3. HP: 11/18 MP: 7/7
   234 | D:2      | Noticed Ijyb
   240 | D:2      | Noticed Natasha
   242 | D:2      | Succumbed to Ijyb's poison

Vault maps used:
D:1:      dpeg_arrival_fog
D:2:      uniq_iyjb, uniq_natasha

Skill      XL: |  1 |
---------------+----+-----
Long Blades    | 3 |  3.3
Fighting       | |  1.7
Armour         | |  0.7
Dodging        | |  0.7
Spellcasting   | |  2.1
Charms         | |  3.0

Action                   || total
-------------------------++-------
Melee: Falchion          ||    57
       Bite              ||    13
  Use: Potion            ||     3
Armor: Leather armour    ||    18
Dodge: Dodged            ||    29
